Description

standard vs protoss

Replay - Build order vs protoss

Build Order

Get SALT Encoding   

  12  0:02  Drone  
  12  0:18  Overlord  
  12  0:19  Drone  
  12  0:36  Drone x3  
  12  0:56  Drone  
  12  0:57  Hatchery  
  12  1:03  Drone  
  12  1:09  Extractor  
  12  1:16  Spawning Pool  
  12  1:18  Drone  
  12  1:23  Drone  
  12  1:34  Drone  
  12  1:57  Overlord  
  12  2:11  Queen x2  
  12  2:12  Zergling x4  
  12  2:16  Metabolic Boost  
  12  2:47  Overlord  
  12  2:49  Hatchery  
  12  2:59  Pneumatized Carapace  
  12  3:05  Queen  
  12  3:28  Overlord  
  12  3:51  Extractor  
  12  3:59  Roach Warren, Evolution Chamber  
  12  4:03  Overlord  
  12  4:05  Queen  
  12  4:12  Spore Crawler x2  
  12  4:26  Zerg Missile Weapons Level 1  
  12  4:29  Lair  
  12  4:36  Spore Crawler  
  12  4:43  Roach x2  
  12  4:49  Roach x2  
  12  4:57  Roach x2  
  12  5:03  Roach x2  
  12  5:30  Hydralisk Den  
  12  5:36  Extractor x3  
  12  5:43  Extractor  
  12  6:00  Muscular Augments  
  12  6:20  Lurker Den  
  12  6:28  Zerg Missile Weapons Level 2  
  12  6:29  Zergling x14  
  12  6:44  Hatchery  
  12  6:45  Hydralisk x5  
  12  6:47  Zergling x2  
  12  7:06  Hydralisk x5  
  12  7:12  Grooved Spines  
  12  7:58  Lurker x4  
  12  8:10  Lurker x2  
  12  8:31  Roach x2  
  12  9:09  Lurker x4  
  12  10:43  Roach Warren  
  12  11:12  Hatchery  
Spawning Tool Build Advisor. Get it on Overwolf

Go to:

Details

  • Created by: BladeQueen
  • Published on: May 15, 2018
  • Modified on: May 15, 2018
  • Patch: 4.0.0
Show
View Real Time Build Order
Export as new Build Order

Comments (0)

There are no comments. Be the first!

Create an account to comment!